 Dungeon Crawl Stone Soup version 0.30.0-29-ga12c61a403 (webtiles) character file.

Game seed: 220766707875122059

124 qw the Chopper (level 5, -2/32 HPs)
             Began as a Gargoyle Fighter on June 5, 2023.
             Slain by a water moccasin (7 damage)
             ... on level 4 of the Dungeon.
             The game lasted 00:01:16 (2693 turns).

qw the Chopper (Gargoyle Fighter)                   Turns: 2693, Time: 00:01:16

Health: -2/32      AC: 13    Str: 19 (21) XL:     5   Next: 8%
Magic:  5/5        EV:  7    Int:  6 (9)  God:
Gold:   96         SH:  4    Dex:  7 (9)  Spells: 4/4 levels left

rFire   . . .        Y - +0 war axe
rCold   . . .        c - +0 buckler
rNeg    + . .        i - +0 chain mail
rPois   inf          (no helmet)
rElec   +            (no cloak)
rCorr   .            (no gloves)
SInv    .            (no boots)
Will    .....        (no amulet) Stlth
                     (no ring)
HPRegen 0.25/turn    (no ring)
MPRegen 0.09/turn

%: no passive effects
@: no status effects
A: sickness immunity, AC +4, negative energy resistance 1, electricity
resistance, torment resistance 1, petrification resistance
a: no special abilities


You were on level 4 of the Dungeon.
You visited 1 branch of the dungeon, and saw 4 of its levels.

You collected 96 gold pieces.


Innate Abilities, Weirdness & Mutations

You are immune to sickness and miasma.
Your stone body is resilient. (AC +4)
You are immune to poison.
You resist negative energy. (rN+)
You are resistant to electric shocks. (rElec)
You are resistant to unholy torment.
You are immune to petrification.


   Skills:
 - Level 3.2 Fighting
 + Level 4.6 Axes
 - Level 3.2 Armour
 - Level 3.2 Shields


You had 4 spell levels left.
You didn't know any spells.
Your spell library was empty.

Inventory:

Hand Weapons
 g - a +0 mace
 Y - a +0 war axe (weapon)
Armour
 c - a +0 buckler (worn)
 i - a +0 chain mail (worn)
Scrolls
 a - a scroll of teleportation {unknown}
 j - a scroll of identify
Potions
 d - a potion of might
 e - a potion of lignification
 h - a potion of curing {unknown}

Dungeon Overview and Level Annotations

Branches:
Dungeon (4/15)
 Temple: D:4-7

Altars:
Gozag
Nemelex Xobeh


Message History

You hit the water moccasin.
The water moccasin is moderately wounded.
The water moccasin bites you. The water moccasin barely misses you.
You miss the water moccasin.
The water moccasin is moderately wounded.
You block the water moccasin's attack.
You closely miss the water moccasin.
The water moccasin is moderately wounded.
The water moccasin barely misses you.
The water moccasin bites you but does no damage.
You miss the water moccasin.
The water moccasin is moderately wounded.
The water moccasin bites you but does no damage. x2
You miss the water moccasin.
The water moccasin is moderately wounded.
The water moccasin bites you.
The water moccasin bites you but does no damage.
You closely miss the water moccasin.
The water moccasin is moderately wounded.
The water moccasin bites you. The water moccasin barely misses you.
You hit the water moccasin but do no damage.
The water moccasin is moderately wounded.
The water moccasin bites you but does no damage.
The water moccasin completely misses you.
You closely miss the water moccasin.
The water moccasin is moderately wounded.
You block the water moccasin's attack.
The water moccasin bites you but does no damage.
You miss the water moccasin.
The water moccasin is moderately wounded.
The water moccasin barely misses you.
You barely miss the water moccasin.
The water moccasin is moderately wounded.
The water moccasin bites you but does no damage.
The water moccasin bites you.
You slash the water moccasin!
The water moccasin is severely wounded.
The water moccasin bites you but does no damage.
The water moccasin bites you!
You die...

#############
#.@.........#######
#.S.########.##.....
#.#.# ######.##.####
...#...#..(......##
#.# ###............#
# #. .#.####.###.# .
. # ### #.# . . #.#
#.#


You could see a water moccasin.

Vanquished Creatures
  Jessica (D:2)
  5 worms
  4 dart slugs
  5 orcs (D:3)
  5 endoplasms
  3 giant cockroaches (D:3)
  8 hobgoblins
  3 jackals (D:3)
  3 kobolds
  A quokka (D:3)
  4 ball pythons
  8 bats
  8 frilled lizards
  7 goblins
  3 rats
68 creatures vanquished.

Notes
Turn   | Place    | Note
-------+----------+-------------------------------------------
     0 | D:1      | qw the Gargoyle Fighter began the quest for the Orb.
     0 | D:1      | Reached XP level 1. HP: 14/14 MP: 1/1
     0 | D:1      | 0 ||| qw: Version: 0.2-a-108-gee2c290
     0 | D:1      | 0 ||| qw: Game counter: 1347
     0 | D:1      | 0 ||| qw: Always use a shield: true
     0 | D:1      | 0 ||| qw: God list: Okawaru
     0 | D:1      | 0 ||| qw: Allow faded altars: false
     0 | D:1      | 0 ||| qw: Do Orc after D:15 true
     0 | D:1      | 0 ||| qw: Do second Lair branch before Depths: true
     0 | D:1      | 0 ||| qw: Lair rune preference: random
     0 | D:1      | 0 ||| qw: Plans: Normal, Zot:1-4, Slime:5, God:TSO, Crypt,
                  | Tomb, Abyss, Pan, Hells, Win
     0 | D:1      | 0 ||| PLANNING D:1-11
    61 | D:1      | Reached skill level 2 in Axes
   204 | D:1      | 204 ||| Stepping ~*~*~tactically~*~*~ (hiding).
   325 | D:1      | Reached XP level 2. HP: 19/19 MP: 2/2
   344 | D:1      | 344 ||| DROPPING +0 club.
   387 | D:1      | 387 ||| Stepping ~*~*~tactically~*~*~ (stealth).
   388 | D:1      | 388 ||| Stepping ~*~*~tactically~*~*~ (stealth).
   443 | D:1      | You fall into a shaft and drop 1 floor!
   462 | D:2      | 462 ||| READING scroll labelled EHITOFODIFF.
   749 | D:1      | 749 ||| FLEEEEING.
   750 | D:1      | 750 ||| FLEEEEING.
   751 | D:1      | 751 ||| FLEEEEING.
   752 | D:1      | 752 ||| FLEEEEING.
   753 | D:1      | 753 ||| FLEEEEING.
   754 | D:1      | 754 ||| FLEEEEING.
  1005 | D:1      | 1005 ||| READING scroll labelled KIEHIARCHACH.
  1006 | D:1      | 1006 ||| DRINKING 2 silvery potions.
  1052 | D:2      | Reached skill level 3 in Axes
  1065 | D:2      | Reached XP level 3. HP: 23/23 MP: 3/3
  1080 | D:2      | 1080 ||| Stepping ~*~*~tactically~*~*~ (stealth).
  1081 | D:2      | 1081 ||| Stepping ~*~*~tactically~*~*~ (stealth).
  1082 | D:2      | 1082 ||| Stepping ~*~*~tactically~*~*~ (stealth).
  1086 | D:2      | 1086 ||| Stepping ~*~*~tactically~*~*~ (stealth).
  1195 | D:2      | Noticed Jessica
  1204 | D:2      | 1204 ||| Stepping ~*~*~tactically~*~*~ (hiding).
  1207 | D:2      | 1207 ||| Stepping ~*~*~tactically~*~*~ (hiding).
  1208 | D:2      | 1208 ||| Stepping ~*~*~tactically~*~*~ (hiding).
  1209 | D:2      | 1209 ||| Stepping ~*~*~tactically~*~*~ (hiding).
  1212 | D:2      | 1212 ||| Stepping ~*~*~tactically~*~*~ (hiding).
  1214 | D:2      | 1214 ||| Stepping ~*~*~tactically~*~*~ (hiding).
  1220 | D:2      | 1220 ||| Stepping ~*~*~tactically~*~*~ (hiding).
  1227 | D:2      | 1227 ||| Stepping ~*~*~tactically~*~*~ (hiding).
  1231 | D:2      | Killed Jessica
  1232 | D:2      | Reached skill level 4 in Axes
  1232 | D:2      | Reached XP level 4. HP: 17/28 MP: 4/4
  1543 | D:2      | 1543 ||| READING scroll labelled GISAUT WEMME.
  1604 | D:3      | 1604 ||| Stepping ~*~*~tactically~*~*~ (stealth).
  1618 | D:3      | 1618 ||| Stepping ~*~*~tactically~*~*~ (stealth).
  1652 | D:3      | 1652 ||| Stepping ~*~*~tactically~*~*~ (stealth).
  1673 | D:3      | 1673 ||| Stepping ~*~*~tactically~*~*~ (hiding).
  1810 | D:3      | 1810 ||| Stepping ~*~*~tactically~*~*~ (stealth).
  1811 | D:3      | 1811 ||| Stepping ~*~*~tactically~*~*~ (stealth).
  2090 | D:3      | Reached XP level 5. HP: 32/32 MP: 5/5
  2559 | D:3      | Found an opulent altar of Gozag.
  2559 | D:3      | Found a sparkling altar of Nemelex Xobeh.
  2580 | D:3      | 2580 ||| UPGRADING to +0 chain mail.
  2590 | D:3      | 2590 ||| DROPPING +0 scale mail.
  2591 | D:3      | 2591 ||| READING scroll labelled JIKKAE OLAR.
  2592 | D:3      | 2592 ||| DRINKING 2 puce potions.
  2593 | D:3      | 2593 ||| DROPPING potion of degeneration.
  2631 | D:4      | 2631 ||| PLANNING SEWER
  2673 | D:4      | Noticed a water moccasin
  2688 | D:4      | HP: 8/32 [water moccasin (4)]
  2693 | D:4      | Slain by a water moccasin

Levels and vault maps discovered:
D:1:      dpeg_arrival_tiny_c, layout_loops_corners
D:2:      layout_rooms, uniq_jessica
D:3:      layout_basic, grunt_temple_overflow_opulence,
          chequers_serial_rivers_small_a
D:4:      kennysheep_big_flooded_room, layout_loops_ring, gup_sewer_entry_bowl

Skill      XL: |  1  2  3 |
---------------+----------+-----
Axes           | 2 3 4 |  4.6
Fighting       | |  3.2
Armour         | |  3.2
Shields        | |  3.2

Action                     |  1- 3 |  4- 6 || total
---------------------------+-------+-------++-------
  Melee: War axe           |    88 |   114 ||   202
    Use: Scroll            |     2 |     2 ||     4
         Potion            |     1 |     1 ||     2
 Armour: Scale mail        |    42 |    41 ||    83
         Chain mail        |       |    13 ||    13
  Dodge: Dodged            |    43 |    52 ||    95
  Block: Buckler           |    19 |    21 ||    40

Table legend:
 A = Non-vault XP
 B = Vault XP
 C = Vault XP percentage of total XP
 D = Non-vault monster count
 E = Vault monster count
 F = Vault count percentage of total count
                 A         B        C        D         E       F
            +---------+---------+-------+---------+---------+-------
      Total |     141 |      37 |  20.8 |      67 |       1 |   1.5
            +---------+---------+-------+---------+---------+-------
        D:1 |      27 |       0 |   0.0 |      15 |       0 |   0.0
        D:2 |      43 |      37 |  46.2 |      23 |       1 |   4.2
        D:3 |      67 |       0 |   0.0 |      28 |       0 |   0.0
        D:4 |       4 |       0 |   0.0 |       1 |       0 |   0.0
            +---------+---------+-------+---------+---------+-------
